 Dungeon Crawl Stone Soup version 0.29-a0-321-gf1c400731a (webtiles) character file.

Game seed: 3491261723085985339

1092 Murumi the Skirmisher (level 8, -4/61 HPs)
             Began as a Djinni Hunter on Apr 3, 2022.
             Was an Initiate of Okawaru.
             Slain by a gnoll
             ... wielding a +0 whip
              (7 damage)
             ... on level 6 of the Dungeon.
             The game lasted 00:19:20 (4668 turns).

Murumi the Skirmisher (Djinni Hunter)               Turns: 4668, Time: 00:19:22

Health: -4/61      AC:  6    Str: 10    XL:     8   Next: 56%
Gold:   299        EV: 13    Int: 12    God:    Okawaru [......] SH:  0 Dex: 20

rFire   + + +      SeeInvis .   a - +3 hand crossbow
rCold   x . .      Faith    .   (no shield)
rNeg    . . .      Spirit   .   b - +1 leather armour
rPois   ∞          Reflect  .   (no helmet)
rElec   .          Harm     .   h - +0 cloak
rCorr   .          Rampage  .   j - +0 pair of gloves
Will    .....                   (boots unavailable)
Stlth   ++++......              (no amulet)
HPRegen 0.20/turn               (no ring)
MPRegen 0.00/turn               (no ring)

@: attractive, flying
A: sickness immunity, fire resistance 3, cold vulnerability 1, float, innate
caster, HP casting, extra vitality 1, thin skeletal structure 1, MP-powered
wands
a: Renounce Religion


You were on level 6 of the Dungeon.
You worshipped Okawaru.
Okawaru was noncommittal.
You visited 1 branch of the dungeon, and saw 6 of its levels.

You collected 299 gold pieces.

Inventory:

Hand Weapons
 a - a +3 hand crossbow (weapon)
Missiles
 e - 2 throwing nets
Armour
 b - a +1 leather armour (worn)
 g - a +0 ring mail
 h - a +0 cloak (worn)
 j - a +0 pair of gloves (worn)
Wands
 d - a wand of flame (42)
Scrolls
 c - 2 scrolls of immolation
 i - 2 scrolls of enchant armour


   Skills:
 + Level 5.7 Fighting
 - Level 4.0 Crossbows
 - Level 2.0 Armour
 - Level 3.0 Dodging
 - Level 5.0 Stealth
 - Level 1.0 Spellcasting
 - Level 2.0 Invocations
 - Level 2.0 Evocations


You had 3 spell levels left.
You knew the following spells:

 Your Spells              Type           Power      Damage    Failure   Level
a - Sandblast             Erth           6%         2d5       26%         1
b - Searing Ray           Conj           6%         2d4       36%         2
c - Ozocubu's Armour      Ice            3%         N/A       61%         3
Your spell library was empty.

Dungeon Overview and Level Annotations

Branches:
Dungeon (5/15)             Temple (0/1) D:5

Altars:
Elyvilon
Nemelex Xobeh
Okawaru
Xom

Annotations:
D:5 1 transporter


Innate Abilities, Weirdness & Mutations

You are immune to sickness and miasma.
You are immune to poison.
Your flesh is almost immune to the effects of heat. (rF+++)
You are vulnerable to cold. (rC-)
You float through the air rather than walking.
You learn spells naturally, not from books.
Your magical power is your life essence.
You have superior vitality. (+4 MHP)
You have a somewhat thin skeletal structure. (Dex +2, Stealth+)
You expend health (3 HP) to strengthen your wands.


Message History

You feel extremely strange.
You feel your magical essence link to the dungeon's wands.
Your bones become slightly less dense.
You feel more resistant to heat.
A hound comes into view.
The orc hits you with a +0 hand axe.
* * * LOW HITPOINT WARNING * * *
The gnoll closely misses you. The hound is attracted toward you.
Shoot: a) +3 hand crossbow
Press: ? - help, Q - select action, (/) - cycle Shift-Dir - straight line, f - hound
Aim: a hound (wandering, hasn't noticed you, 62% to hit)
You shoot a bolt. The hound barks!
The bolt hits the orc.
The orc is heavily wounded.
The orc hits you with a +0 hand axe.
* * * LOW HITPOINT WARNING * * *
The gnoll completely misses you.
Shoot: a) +3 hand crossbow
Press: ? - help, Q - select action, (/) - cycle Shift-Dir - straight line, f/p - hound
Aim: a hound (62% to hit)
You shoot a bolt. The bolt hits the orc!
You kill the orc!
Okawaru accepts your kill. The gnoll hits you but does no damage.
The hound pauses to sniff the ground.
The hound bites you but does no damage. The gnoll closely misses you.
Shoot: a) +3 hand crossbow
Press: ? - help, Q - select action, (/) - cycle Shift-Dir - straight line, f/p - hound
Aim: a hound (62% to hit)
You shoot a bolt. The bolt hits the hound!
The hound is heavily wounded.
The hound bites you but does no damage. The hound closely misses you.
The gnoll barely misses you.
Shoot: a) +3 hand crossbow
Press: ? - help, Q - select action, (/) - cycle Shift-Dir - straight line, f/p - hound
Aim: a hound (heavily wounded, 62% to hit)
You shoot a bolt. The bolt hits the hound.
The hound is severely wounded.
The hound bites you but does no damage. The gnoll hits you with a +0 whip!
You die...

#..# #..#
#..#
..####..##
..........#
...#####..#
####o.#
#.gng.#
#@###.# #h#
.# #.# .#
#.# .# ..#
.# ... .#
..# ...#


You could see a necrophage, a hound, 2 gnolls and an orc.

Vanquished Creatures
  Grinder (D:3)
  Sigmund (D:2)
  A phantom (D:5)
  A scorpion (D:4)
  A howler monkey (D:6)
  A hound (D:3)
  A jelly (D:4)
  4 orc priests
  3 orc wizards
  Ijyb (D:3)
  Natasha (thrice) (D:2)
  An iguana (D:5)
  5 adders
  A white imp (D:3)
  A worm (D:2)
  2 dart slugs (D:4)
  19 orcs
  5 ball pythons
  10 endoplasms
  3 giant cockroaches
  8 goblins
  8 hobgoblins
  6 jackals
  9 kobolds
  5 quokkas
  4 bats
  3 frilled lizards
  8 rats
116 creatures vanquished.

Vanquished Creatures (others)
  18 plants (D:4)
18 creatures vanquished.

Grand Total: 134 creatures vanquished

Notes
Turn   | Place    | Note
-------+----------+-------------------------------------------
     0 | D:1      | Murumi the Djinni Hunter began the quest for the Orb.
     0 | D:1      | Reached XP level 1. HP: 18/18 MP: 0/0
    11 | D:1      | Reached skill level 1 in Stealth
   113 | D:1      | Reached XP level 2. HP: 19/23 MP: 0/0
   284 | D:1      | Found a faded altar of an unknown god.
   505 | D:1      | Reached XP level 3. HP: 28/28 MP: 0/0
   505 | D:1      | Learned a level 1 spell: Sandblast
   979 | D:2      | Noticed Natasha
   991 | D:2      | Killed Natasha
   992 | D:2      | Reached skill level 1 in Armour
   992 | D:2      | Reached XP level 4. HP: 16/33 MP: 0/0
  1230 | D:2      | Noticed Natasha
  1249 | D:2      | Killed Natasha
  1605 | D:2      | Reached XP level 5. HP: 34/39 MP: 0/0
  1605 | D:2      | Learned a level 2 spell: Searing Ray
  1706 | D:2      | Noticed Sigmund
  1723 | D:2      | Killed Sigmund
  1724 | D:2      | Reached skill level 1 in Spellcasting
  1724 | D:2      | Reached XP level 6. HP: 28/46 MP: 0/0
  1971 | D:2      | Noticed Natasha
  1975 | D:2      | Killed Natasha
  2457 | D:3      | Noticed Grinder
  2478 | D:3      | Paralysed by Grinder for 2 turns
  2484 | D:3      | Paralysed by Grinder for 4 turns
  2492 | D:3      | Killed Grinder
  2493 | D:3      | Reached XP level 7. HP: 28/53 MP: 0/0
  2493 | D:3      | Learned a level 3 spell: Ozocubu's Armour
  2694 | D:3      | Noticed Ijyb
  2718 | D:3      | Killed Ijyb
  3051 | D:4      | Reached skill level 5 in Fighting
  3160 | D:4      | Reached skill level 1 in Evocations
  3213 | D:4      | Found an iron altar of Okawaru.
  3219 | D:4      | Became a worshipper of Warmaster Okawaru
  3303 | D:4      | Reached XP level 8. HP: 59/59 MP: 0/0
  3357 | D:4      | Reached skill level 1 in Invocations
  3787 | D:5      | Entered Level 5 of the Dungeon
  3811 | D:5      | Found a shimmering altar of Xom.
  3811 | D:5      | Found a white marble altar of Elyvilon.
  4065 | D:5      | Found a transporter.
  4109 | D:5      | Reached skill level 5 in Stealth
  4547 | D:5      | Noticed a toenail golem
  4558 | D:5      | You are sucked into a shaft and drop 1 floor!
  4636 | D:6      | Found a sparkling altar of Nemelex Xobeh.
  4664 | D:6      | Gained mutation: You expend health (3 HP) to strengthen
                  | your wands. [potion of mutation]
  4664 | D:6      | Gained mutation: You have a somewhat thin skeletal
                  | structure. (Dex +2, Stealth+) [potion of mutation]
  4664 | D:6      | Gained mutation: Your flesh is almost immune to the effects
                  | of heat. (rF+++) [potion of mutation]
  4664 | D:6      | HP: 3/61 [orc/+0 hand axe (2)]
  4668 | D:6      | Slain by a gnoll

Illustrated notes

Levels and vault maps discovered:
D:1:      ncdulo_lavacross, layout_basic, ebering_ecumenical_altar_ruins,
          roderic_lattice_a, feat_on_display
D:2:      layout_basic, uniq_sigmund, uniq_natasha
D:3:      layout_rooms, kennysheep_generic_room_16, uniq_grinder, uniq_ijyb
D:4:      layout_cave_pools, mainiacjoe_overflow_alcove_4, serial_bayou_lagoon_a
D:5:      layout_basic, grunt_temple_overflow_open,
          minmay_temple_entry_statues_pillars, gammafunk_ghost_abyssal_escape,
          minmay_misc_feat_plants, wad_floor_pattern_1
D:6:      layout_loops_ring, nemelex_xobeh_ov_fountains_minmay, st_stairs_11,
          grunt_tough_drop, uniq_edmund

Skill      XL: |  1  2  3  4  5  6  7  8 |
---------------+-------------------------+-----
Stealth        | 1 2 3 4 5 |  5.0
Dodging        | 3 |  3.0
Crossbows      | 4 |  4.0
Armour         | 1 2 |  2.0
Fighting       | 3 4 5 |  5.7
Spellcasting   | 1 |  1.0
Evocations     | 2 |  2.0
Invocations    | 2 |  2.0

Action                   |  1- 3 |  4- 6 |  7- 9 || total
-------------------------+-------+-------+-------++-------
 Fire: Hand crossbow     |    62 |   153 |   203 ||   418
  Use: Scroll            |     2 |     2 |     6 ||    10
       Potion            |       |     1 |     3 ||     4
Armor: Leather armour    |     8 |    20 |    32 ||    60
Dodge: Dodged            |    12 |    38 |    48 ||    98

Table legend: (Time is in decaauts)
 A = Elapsed time spent in this place.
 B = Non-inter-level travel time spent in this place.
 C = Inter-level travel time spent in this place.
 D = Time resting spent in this place.
 E = Time spent auto-exploring this place.
 F = Levels seen in this place.
 G = Mean time per level.
                   A        B        C        D        E       F      G
               +--------+--------+--------+--------+--------+-----+--------+
         Total |   4827 |   4534 |    293 |      3 |   3599 |   6 |  804.5 |
       Dungeon |   4827 |   4534 |    293 |      3 |   3599 |   6 |  804.5 |
               +--------+--------+--------+--------+--------+-----+--------+

Top non-repeatable levels by time:
     D:2: 1144 daAuts
     D:3: 1065 daAuts
     D:1: 944 daAuts
     D:4: 804 daAuts
     D:5: 753 daAuts
     D:6: 115 daAuts
